 Dungeon Crawl Stone Soup version 0.28-a0-689-ga55568f2eb (webtiles) character file.

Game seed: 6684166733905810615

120 EiAlmux the Digger (level 5, -1/30 HPs)
             Began as a Gargoyle Earth Elementalist on Oct 20, 2021.
             Killed from afar by Ijyb (9 damage)
             ... with an iceblast
             ... on level 4 of the Dungeon.
             The game lasted 00:06:56 (3711 turns).

EiAlmux the Digger (Gargoyle Earth Elementalist)    Turns: 3711, Time: 00:06:57

Health: -1/30      AC: 12    Str: 11    XL:     5   Next: 4%
Magic:  7/8        EV: 11    Int: 17    God:
Gold:   90         SH:  0    Dex: 10    Spells: 6/9 levels left

rFire   . . .      SeeInvis .   i - +0 short sword
rCold   . . .      Faith    .   (no shield)
rNeg    + . .      Spirit   .   b - +0 robe
rPois   ∞          Reflect  .   (no helmet)
rElec   +          Harm     .   o - +0 cloak
rCorr   .          Rampage  .   k - +0 pair of gloves
Will    .....                   (no boots)
Stlth   ++........              n - amulet of regeneration
HPRegen 1.10/turn               f - +4 ring of protection
MPRegen 0.11/turn               (no ring)

@: no status effects
A: sickness immunity, AC +4, negative energy resistance 1, electricity
resistance, torment resistance 1, petrification resistance
a: no special abilities


You were on level 4 of the Dungeon.
You visited 1 branch of the dungeon, and saw 4 of its levels.

You collected 90 gold pieces.

Inventory:

Hand Weapons
 g - a -3 club
 i - a +0 short sword (weapon)
Missiles
 c - 81 stones
Armour
 b - a +0 robe (worn)
 d - a +2 ring mail of cold resistance
 k - a +0 pair of gloves (worn)
 o - a +0 cloak (worn)
Jewellery
 f - a +4 ring of protection (left hand)
 n - an amulet of regeneration (around neck)
Scrolls
 a - a scroll of amnesia {unknown}
 e - 2 scrolls of blinking
 j - a scroll of summoning {unknown}
Potions
 h - 3 potions of flight
 l - a potion of curing {unknown}
 m - 2 potions of attraction {unknown}
 p - a potion of brilliance {unknown}


   Skills:
 - Level 2.0 Fighting
 - Level 1.5 Dodging
 + Level 3.2 Stealth
 + Level 2.5 Spellcasting
 + Level 1.1 Conjurations
 + Level 1.7 Transmutations
 + Level 4.2 Earth Magic


You had 6 spell levels left.
You knew the following spells:

 Your Spells              Type           Power      Damage    Failure   Level
a - Sandblast             Erth           32%        2d9       3%          1
b - Passwall              Tmut/Erth      10%        N/A       9%          2

Your spell library contained the following spells:

 Spells                   Type           Power      Damage    Failure   Level
 Stone Arrow              Conj/Erth      22%        3d8       19%         3
 Petrify                  Tmut/Erth      12%        N/A       47%         4


Dungeon Overview and Level Annotations

Branches:
Dungeon (4/15)
 Temple: D:4-7

Altars:
Xom

Annotations:
D:3 2 transporters, Veteran's ghost, weakling DECj
D:4 Ijyb


Innate Abilities, Weirdness & Mutations

You are immune to sickness and miasma.
Your stone body is resilient. (AC +4)
You are immune to poison.
You resist negative energy. (rN+)
You are resistant to electric shocks. (rElec)
You are resistant to unholy torment.
You are immune to petrification.


Message History

a +0 dagger; a +0 hunting sling; a goblin corpse
Found a transporter.
There is a transporter landing site here.
Things that are here:
a +0 chain mail; a +0 club
There is an open gate here.
An endoplasm comes into view.
An endoplasm is nearby!
The helpless endoplasm fails to defend itself.
You puncture the endoplasm!
You kill the endoplasm!
No target in view!
Partly explored, unvisited transporter.
Partly explored, unvisited transporter.
There is an open gate here.
Things that are here:
a +0 chain mail; a +0 club Veteran's ghost turns its malevolent gaze towards you.
There is a stone staircase leading down here.
You climb downwards.
Found a scroll labelled ODILOPPOOT.
There is a stone staircase leading up here.
As you read the scroll labelled POVY ZUOMM, it crumbles to dust.
It is a scroll of identify.
h - 3 potions of flight
As you read the scroll of identify, it crumbles to dust.
e - 2 scrolls of blinking
a - a scroll labelled ODILOPPOOT You now have 90 gold pieces (gained 7).
Ijyb the Twisted Goblin comes into view.
She is wielding a +0 dagger and carrying a wand of iceblast (7).
Ijyb shouts!
Ijyb zaps a wand.
The mass of ice explodes!
The iceblast engulfs you.
You can't see any susceptible monsters within range! (Use Z to cast anyway.) Ijyb zaps a wand.
The mass of ice explodes!
The iceblast engulfs you!
The blast of sand hits Ijyb.
Ijyb is lightly wounded.
Ijyb zaps a wand.
The mass of ice explodes!
The iceblast engulfs you!
* * * LOW HITPOINT WARNING * * *
Ijyb zaps a wand.
The mass of ice explodes!
The iceblast engulfs you!
You die...

#.. ..#
#.######.#
##.#...##.#
#....#.##.#
###..###.##g#
#......#.##.#
#....#.#.##.#
#<...#.#.##.#
#....#.#.##@#
#....#.#....#
#....#.######
#....#.#
#...##.#
..... #..###


You could see Ijyb.

Vanquished Creatures
  Terence (D:3)
  2 adders
  2 worms (D:2)
  3 dart slugs
  7 ball pythons
  2 bats
  5 endoplasms
  4 giant cockroaches
  6 goblins
  3 hobgoblins
  7 jackals (D:3)
  6 kobolds
  3 quokkas
  2 frilled lizards
  8 rats
61 creatures vanquished.

Notes
Turn   | Place    | Note
-------+----------+-------------------------------------------
     0 | D:1      | EiAlmux the Gargoyle Earth Elementalist began the quest for
                  | the Orb.
     0 | D:1      | Reached XP level 1. HP: 10/10 MP: 3/3
   241 | D:1      | Reached XP level 2. HP: 13/16 MP: 0/5
   255 | D:1      | Reached skill level 1 in Fighting
   255 | D:1      | Reached skill level 1 in Transmutations
   258 | D:1      | Learned a level 2 spell: Passwall
   314 | D:1      | Found a faded altar of an unknown god.
  1199 | D:1      | Reached XP level 3. HP: 14/20 MP: 6/6
  1820 | D:2      | You fall into a shaft and drop 1 floor!
  1820 | D:3      | Noticed Terence
  2143 | D:3      | Reached skill level 4 in Earth Magic
  2185 | D:3      | Reached XP level 4. HP: 13/26 MP: 3/7
  2382 | D:2      | Found a shimmering altar of Xom.
  3257 | D:3      | Killed Terence
  3258 | D:3      | Reached skill level 1 in Conjurations
  3385 | D:3      | Found a transporter.
  3405 | D:3      | Noticed Veteran's ghost (weakling DECj)
  3429 | D:3      | Reached XP level 5. HP: 30/30 MP: 8/8
  3500 | D:3      | Found a transporter.
  3703 | D:4      | Noticed Ijyb
  3711 | D:4      | Killed from afar by Ijyb

Illustrated notes

Levels and vault maps discovered:
D:1:      dpeg_arrival_connections, layout_loops_ring, serial_rivers,
          chequers_serial_rivers_small_b, chequers_serial_rivers_small_a,
          chequers_serial_rivers_micro_d, chequers_serial_rivers_room_b,
          chequers_serial_rivers_micro_c, ebering_ecumenical_altar_rust
D:2:      layout_basic, basic_altar, dk_vineyard_2
D:3:      layout_rooms, gammafunk_ghost_mausoleum, kennysheep_cluttered_room,
          kennysheep_generic_room_3, uniq_terence
D:4:      layout_basic, old_standard_altar, ebering_ghost_reflecting_pool,
          kennysheep_windowed_goal, uniq_ijyb

Skill      XL: |  1  2  3  4 |
---------------+-------------+-----
Fighting       | 1 2 |  2.0
Transmutations | 1 |  1.7
Earth Magic    | 4 |  4.2
Stealth        | 3 |  3.2
Conjurations   | 1 |  1.1
Dodging        | |  1.5
Spellcasting   | |  2.5

Action                   |  1- 3 |  4- 6 || total
-------------------------+-------+-------++-------
Melee: Unarmed           |    65 |       ||    65
       Club              |    44 |       ||    44
       Short sword       |    96 |    94 ||   190
 Cast: Sandblast         |    20 |    15 ||    35
  Use: Scroll            |       |     2 ||     2
 Stab: Sleeping          |     3 |     1 ||     4
Armor: Robe              |   108 |    52 ||   160
Dodge: Dodged            |   167 |    58 ||   225

Table legend: (Time is in decaauts)
 A = Elapsed time spent in this place.
 B = Non-inter-level travel time spent in this place.
 C = Inter-level travel time spent in this place.
 D = Time resting spent in this place.
 E = Time spent auto-exploring this place.
 F = Levels seen in this place.
 G = Mean time per level.
                   A        B        C        D        E       F      G
               +--------+--------+--------+--------+--------+-----+--------+
         Total |   3747 |   3601 |    146 |    124 |   2694 |   4 |  936.8 |
       Dungeon |   3747 |   3601 |    146 |    124 |   2694 |   4 |  936.8 |
               +--------+--------+--------+--------+--------+-----+--------+

Top non-repeatable levels by time:
     D:1: 1641 daAuts
     D:3: 1152 daAuts
     D:2: 920 daAuts
     D:4: 32 daAuts
